 Dungeon Sprint DCSS version 0.21.0-3-g78d12a8 (webtiles) character file.

459 sanboga the Fighter (level 7, -2/52 HPs)
             Began as a Gargoyle Berserker on Jan 10, 2018.
             Was a Priest of Trog.
             Slain by a hippogriff (4 damage)
             ... in the Dungeon (Sprint II: "The Violet Keep of Menkaure").
             The game lasted 00:01:26 (107 turns).

sanboga the Fighter (Gargoyle Berserker)             Turns: 107, Time: 00:01:26

Health: -2/52      AC:  7    Str: 23    XL:     7   Next: 6%
Magic:  7/7        EV: 13    Int:  7    God:    Trog [***...]
Gold:   243        SH:  0    Dex:  9    Spells: 6/6 levels left

rFire    . . .     SeeInvis .   a - +0 hand axe
rCold    . . .     Gourm    .   (no shield)
rNeg     + . .     Faith    .   b - +0 animal skin
rPois    ∞         Spirit   .   (no helmet)
rElec    +         Reflect  .   (no cloak)
rCorr    .         Harm     .   (no gloves)
MR       .....     NoTele   +   (no boots)
Stlth    +.........             (no amulet)
HPRegen  0.17/turn              (no ring)
MPRegen  0.10/turn              (no ring)

@: berserk cooldown, slowed, very slow
A: negative energy resistance 1, electricity resistance, unbreathing,
petrification resistance, rot immunity, AC +4
a: Berserk, Trog's Hand, Burn Spellbooks, Renounce Religion


You were in the Dungeon.
You worshipped Trog.
Trog was most pleased with you.
You were not hungry.

You visited 1 branch You collected 243 gold pieces.

Inventory:

Hand Weapons
 a - a +0 hand axe (weapon)
Armour
 b - a +0 animal skin (worn)
Scrolls
 i - a scroll of blinking
Potions
 d - a potion of curing
 e - a potion of heal wounds
 f - a potion of haste
 g - 2 potions of magic
 h - a potion of berserk rage
Comestibles
 c - a ration


   Skills:
 + Level 9.9 Fighting
 + Level 9.5 Axes
 + Level 5.3 Armour
 + Level 4.2 Dodging
 + Level 0.2 Stealth


You had 6 spell levels left.
You didn't know any spells.

Dungeon Overview and Level Annotations

Branches:
Dungeon (1/1)

Altars:

Shops:
D :}:[!:!}[?}%==?(

Annotations:
D exclusion: oklob plant


Innate Abilities, Weirdness & Mutations

You are resistant to torment.
Your stone body is resilient. (AC +4)
You are immune to poison.
You resist negative energy. (rN+)
You are resistant to electric shocks. (rElec)
You can survive without breathing.
You are immune to petrification.
You are immune to rotting.


Message History

The hippogriff claws you but does no damage.
You hit the hippogriff but do no damage.
The hippogriff is heavily wounded.
You hit the hippogriff but do no damage.
The hippogriff bites you but does no damage.
The hippogriff pecks you. The hippogriff claws you.
* * * LOW HITPOINT WARNING * * *
The hippogriff bites you.
* * * LOW HITPOINT WARNING * * *
The hippogriff completely misses you. x2
You hit the hippogriff.
The hippogriff is heavily wounded.
You hit the hippogriff. The hippogriff bites you!
* * * LOW HITPOINT WARNING * * *
The hippogriff pecks you but does no damage.
The hippogriff claws you but does no damage.
The hippogriff closely misses you.
The hippogriff pecks you but does no damage.
The hippogriff closely misses you. x2; The hippogriff pecks you.
You die...

########≈≈#+++#+++##
#########≈≈≈.........#
....∩.∩.#≈≈≈≈.##'##..#
...∩.∩..#≈≈≈≈##.#.##
..∩.∩...#≈≈≈≈#..#..#
.⌠.∩....#≈≈####.†.##
..∩.∩...#≈##.###'##
...∩.∩.H#≈#.# ##.##
....∩.∩@H≈'# +.<.+
.....∩.∩#≈#.# ##.##
▓▓▓▓▓▓###≈# .# #+#
((E######≈≈# # ($$
##≈≈≈ ∩P +#≈# $ ≈≈# ≈≈


You could see an iron elemental, an oklob plant and 2 hippogriffs.

Vanquished Creatures
  Menkaure (D)
  4 necrophages (D)
5 creatures vanquished.

Vanquished Creatures (others)
  A crocodile (D)
1 creature vanquished.

Grand Total: 6 creatures vanquished

Notes
Turn   | Place    | Note
-------+----------+-------------------------------------------
     0 | D        | sanboga the Gargoyle Berserker began the quest for the Orb.
     0 | D        | Reached XP level 1. HP: 14/14 MP: 1/1
     1 | D        | Noticed a necrophage
     1 | D        | Noticed a necrophage
     1 | D        | Noticed a necrophage
     1 | D        | Noticed a necrophage
     9 | D        | Killed a necrophage
     9 | D        | Reached skill level 5 in Axes
     9 | D        | Reached XP level 2. HP: 23/23 MP: 2/2
     9 | D        | Reached XP level 3. HP: 28/28 MP: 3/3
     9 | D        | Reached XP level 4. HP: 32/32 MP: 4/4
    14 | D        | Killed a necrophage
    14 | D        | Reached XP level 5. HP: 39/39 MP: 5/5
    19 | D        | Killed a necrophage
    19 | D        | Reached ** piety under Trog
    19 | D        | Reached XP level 6. HP: 37/45 MP: 6/6
    21 | D        | Killed a necrophage
    21 | D        | Reached skill level 5 in Armour
    80 | D        | Noticed an orange crystal statue
    81 | D        | Noticed Menkaure
    86 | D        | Killed Menkaure
    86 | D        | Reached *** piety under Trog
    86 | D        | Reached XP level 7. HP: 52/52 MP: 7/7
    89 | D        | Found Ucazxy's Jewellery Shop.
    89 | D        | Found Suriun's Magic Scroll Boutique.
    89 | D        | Found Gokhaang's Antique Weapon Shop.
    90 | D        | Found Rarawitz's Gadget Shop.
    90 | D        | Found Aly Tuy's Food Shop.
    90 | D        | Found Herusch's Jewellery Boutique.
    91 | D        | Found Foupucw's Gadget Shop.
    91 | D        | Found Igamnecirch's Antique Armour Boutique.
    91 | D        | Found Tifen's Distillery.
    91 | D        | Found Erhag's Magic Scroll Shop.
    92 | D        | Found Vaveugi's Distillery.
    92 | D        | Found Ummiomas's Book Boutique.
    92 | D        | Found Weexzuq's Antique Armour Boutique.
    93 | D        | Found Wiux's Book Shop.
    93 | D        | Found Mauqo's Gadget Boutique.
    93 | D        | Noticed an iron elemental
    97 | D        | Noticed an oklob plant
    99 | D        | Noticed a hippogriff
    99 | D        | Noticed a hippogriff
   101 | D        | Found Sisatip's Book Shoppe.
   107 | D        | HP: 2/52 [hippogriff (7)]
   107 | D        | Slain by a hippogriff

Skill      XL: |  1  2  3  4  5  6 |
---------------+-------------------+-----
Fighting       | 6 7 8 9 |  9.9
Axes           | 5 7 8 9 |  9.5
Armour         | 3 4 5 |  5.3
Dodging        | 2 3 4 |  4.2
Stealth        | |  0.2

Action                   |  1- 3 |  4- 6 |  7- 9 || total
-------------------------+-------+-------+-------++-------
Melee: Hand axe          |     7 |    15 |     6 ||    28
Invok: Berserk           |     1 |     1 |       ||     2
Armor: Animal skin       |     3 |     2 |     9 ||    14
Dodge: Dodged            |     1 |     7 |    25 ||    33
